 Seeded DCSS version 0.30-a0-702-gdf48620a09 (webtiles) character file.

Game seed: 16324032344492496604 (custom seed)

58 purpskrrrp the Sneak (level 4, 0/27 HPs)
             Began as a Kobold Brigand on Jan 22, 2023.
             Slain by Grinder (11 damage)
             ... on level 4 of the Dungeon.
             The game lasted 00:02:40 (1297 turns).

purpskrrrp the Sneak (Kobold Brigand)               Turns: 1297, Time: 00:02:41

Health: 0/27       AC:  2    Str:  8    XL:     4   Next: 21%
Magic:  4/4        EV: 14    Int: 12    God:
Gold:   83         SH:  0    Dex: 18    Spells: 3/3 levels left

rFire   . . .      SeeInvis .    a - +2 dagger
rCold   . . .      Faith    .    (no shield)
rNeg    . . .      Spirit   .    b - +0 robe
rPois   .          Reflect  .    (no helmet)
rElec   .          Harm     .    m - scarf {shadows}
rCorr   +          Rampage  .    (no gloves)
Will    .....                    (no boots)
Stlth   ++++                     q - amulet of regeneration
HPRegen 1.04/turn                h - +4 ring of slaying
MPRegen 0.09/turn                k - ring of resist corrosion

@: no status effects
A: small, no large weapons, nightstalker 3
a: no special abilities


You were on level 4 of the Dungeon.
You visited 1 branch of the dungeon, and saw 3 of its levels.

You collected 83 gold pieces.

Inventory:

Hand Weapons
 a - a +2 dagger (weapon)
Missiles
 d - 15 poisoned darts
 e - 3 curare-tipped darts
Armour
 b - a +0 robe (worn)
 c - a +0 cloak
 m - a scarf of shadows (worn)
Jewellery
 h - a +4 ring of slaying (left hand)
 k - a ring of resist corrosion (right hand)
 q - an amulet of regeneration (around neck)
Scrolls
 i - a scroll of torment
 l - a scroll of summoning {unknown}
 n - a scroll of enchant weapon {unknown}
 o - a scroll of identify {unknown}
Potions
 f - a potion of degeneration {unknown}
 g - a potion of invisibility {unknown}
 j - a potion of heal wounds {unknown}


   Skills:
 + Level 2.5 Fighting
 * Level 3.7 Short Blades
 + Level 2.5 Throwing
 + Level 1.9 Dodging
 * Level 6.2 Stealth


You had 3 spell levels left.
You didn't know any spells.
Your spell library was empty.

Dungeon Overview and Level Annotations

Branches:
Dungeon (2/15)

Altars:

Shops:
D:1 =

Annotations:
D:4 Grinder


Innate Abilities, Weirdness & Mutations

You are small and have problems with some larger weapons.
You are completely attuned to the shadows.


Message History

Found a stone staircase leading down.
Grinder comes into view.
Grinder drinks a potion.
Grinder seems to grow stronger.
You see here a coppery potion.
You hit Grinder.
Grinder is lightly wounded.
Grinder barely misses you.
You hit Grinder.
Grinder is lightly wounded.
Grinder misses you.
You hit Grinder.
Grinder is moderately wounded.
You hit Grinder.
Grinder is moderately wounded.
Grinder closely misses you.
You hit Grinder.
Grinder is heavily wounded.
Grinder blinks!
Grinder says, "FISH!"
Grinder gestures at you. Pain shoots through your body!
Found a puce potion.
Grinder gestures at you. Pain shoots through your body!
Okay, then.
As you read the scroll labelled KISADUE QYXUEN, it crumbles to dust.
Your body is wracked with pain!
It was a scroll of torment.
It was a potion of curing.
You feel better.
You hit Grinder.
Grinder is heavily wounded.
Grinder gestures at you. Pain shoots through your body!
You hit Grinder.
Grinder is heavily wounded.
Grinder hits you.
* * * LOW HITPOINT WARNING * * *
You writhe in agony.
* * * LOW HITPOINT WARNING * * *
You feel better. Grinder hits you!
You die...

###..!. ##......
#.........
##.....@... #
>...##.5... ###
#........#.!....
..###...............
..##....#..........
..#.........)......
...##.†.##..####..#
...##.#.....#
.#.........#.


You could see Grinder (strong).

Vanquished Creatures
  2 adders
  5 ball pythons
  5 endoplasms (D:1)
  2 goblins (D:1)
  7 hobgoblins
  3 jackals (D:1)
  4 bats
  3 frilled lizards (D:1)
  4 kobolds
  3 rats (D:1)
38 creatures vanquished.

Notes
Turn   | Place    | Note
-------+----------+-------------------------------------------
     0 | D:1      | purpskrrrp the Kobold Brigand began the quest for the Orb.
     0 | D:1      | Reached XP level 1. HP: 12/12 MP: 1/1
   100 | D:1      | Reached XP level 2. HP: 17/17 MP: 2/2
   101 | D:1      | Found Souhiu's Jewellery Boutique.
   493 | D:1      | Reached XP level 3. HP: 17/22 MP: 3/3
   649 | D:1      | Reached skill level 6 in Stealth
  1215 | D:2      | Reached XP level 4. HP: 27/27 MP: 4/4
  1236 | D:2      | You fall into a shaft and drop 2 floors!
  1239 | D:4      | Noticed an ogre
  1283 | D:4      | Noticed Grinder
  1297 | D:4      | Slain by Grinder

Illustrated notes

Levels and vault maps discovered:
D:1:      saegor_arrival_simple_b, layout_basic, serial_shops, shop
D:2:      layout_basic, minmay_statues_item, st_stairs_3,
          chequers_serial_rivers_large_b, minmay_snake_closets
D:4:      layout_cave_pools, nicolae_gozag_seed_capital, serial_shops,
          nicolae_shop_trees, uniq_grinder, uniq_ijyb, uniq_robin

Skill      XL: |  1  2  3 |
---------------+----------+-----
Short Blades   | 3 |  3.7
Stealth        | 6 |  6.2
Fighting       | |  2.5
Throwing       | |  2.5
Dodging        | |  1.9

Action                   |  1- 3 |  4- 6 || total
-------------------------+-------+-------++-------
Melee: Dagger            |    68 |    10 ||    78
Throw: Dart              |     1 |       ||     1
  Use: Potion            |       |     2 ||     2
       Scroll            |       |     1 ||     1
 Stab: Sleeping          |    17 |     3 ||    20
Armor: Robe              |    10 |       ||    10
Dodge: Dodged            |    40 |     3 ||    43

Table legend: (Time is in decaauts)
 A = Elapsed time spent in this place.
 B = Non-inter-level travel time spent in this place.
 C = Inter-level travel time spent in this place.
 D = Time resting spent in this place.
 E = Time spent auto-exploring this place.
 F = Levels seen in this place.
 G = Mean time per level.
                   A        B        C        D        E       F      G
               +--------+--------+--------+--------+--------+-----+--------+
         Total |   1282 |   1268 |     14 |      0 |   1008 |   3 |  427.3 |
       Dungeon |   1282 |   1268 |     14 |      0 |   1008 |   3 |  427.3 |
               +--------+--------+--------+--------+--------+-----+--------+

Top non-repeatable levels by time:
     D:1: 1055 daAuts
     D:2: 168 daAuts
     D:4: 58 daAuts
